cohdb
Replays
Latest Replays
All Replays
Popular Replays
Top Player Replays
Match Explorer
How It Works
Community
CoH3 Stats
Reddit
Sign in to upload your games and track your stats! →
Sign in with Steam
Match 42621550
Unlisted
Match 42621550
Overview
Messages
Build Orders
End
Construct Section Command Post
Infantry Section
Dingo Light Scout Car
Infantry Section
Selects Indian Artillery Battlegroup
Construct Platoon Command Post
Selects Towed ML 4.2-inch Heavy Mortar
Royal Engineer Section
Towed ML 4.2-inch Heavy Mortar
6-pounder Anti-tank Gun Team
Humber Armored Car
Selects Valour
Selects Gurkha Rifles Section
Gurkha Rifles Section
Construct Company Command Post
Foot Guards Section
Selects Off-map Airburst Barrage
Off-map Airburst Barrage
Infantry Training
Foot Guards Section
Selects Volunteer Infantry
Gurkha Rifles Section
Unlock M3 Grant Medium Tanks
Selects Perimeter Monitor
M3 Grant Medium Tank
Perimeter Monitor
Off-map Airburst Barrage
M3 Grant Medium Tank
Off-map Airburst Barrage
M3 Grant Medium Tank
Off-map Airburst Barrage
Royal Engineer Section
Off-map Airburst Barrage
[82AD] PaulVmax
Socrates
Computer - Hard
FloppyBob
clemenzo
Ori
MILF_Hunter
AppleU
0
0
Comments
sign in to comment!
No comments posted yet!